 Dungeon Crawl Stone Soup version 0.29-a0-266-gf56f883ddd (webtiles) character file.

Game seed: 1934457473626478757

77 sammy202020 the Chopper (level 4, -11/37 HPs)
             Began as a Palentonga Berserker on Mar 6, 2022.
             Was a Believer of Trog.
             Killed by divine providence
             ... invoked by an orc priest
              (13 damage)
             ... on level 3 of the Dungeon.
             The game lasted 00:03:22 (2017 turns).

sammy202020 the Chopper (Palentonga Berserker)      Turns: 2017, Time: 00:03:32

Health: -11/37     AC:  9    Str: 21    XL:     4   Next: 13%
Magic:  4/4        EV:  4    Int:  9    God:    Trog [**....]
Gold:   138        SH:  3    Dex:  9    Spells: 3/3 levels left

rFire   . . .      SeeInvis +   a - +0 hand axe
rCold   . . .      Faith    .   c - +0 buckler
rNeg    . . .      Spirit   .   p - +0 plate armour
rPois   .          Reflect  .   (no helmet)
rElec   .          Harm     .   (no cloak)
rCorr   .          Rampage  .   (no gloves)
Will    .....                   (no barding)
Stlth   ..........              n - amulet of the acrobat
HPRegen 0.12/turn               (no ring)
MPRegen 0.09/turn               (no ring)

@: no status effects
A: large, rugged brown scales 3, see invisible, deformed body, roll 1, armoured
tail
a: Rolling Charge, Renounce Religion, Berserk, Trog's Hand


You were on level 3 of the Dungeon.
You worshipped Trog.
Trog was pleased with you.
You visited 1 branch of the dungeon, and saw 3 of its levels.

You collected 138 gold pieces.

Inventory:

Hand Weapons
 a - a +0 hand axe (weapon)
Armour
 b - a +0 animal skin
 c - a +0 buckler (worn)
 p - a +0 plate armour (worn)
Jewellery
 l - a ring of fire
 n - an amulet of the acrobat (around neck)
Scrolls
 d - a scroll of teleportation {unknown}
 e - 2 scrolls of amnesia {unknown}
 j - a scroll of noise {unknown}
 k - a scroll of vulnerability {unknown}
 m - a scroll of fog {unknown}
 o - 4 scrolls of blinking {unknown}
 r - a scroll of enchant armour {unknown}
Potions
 f - 2 potions of mutation {unknown}
 g - a potion of lignification {unknown}
 h - a potion of curing {unknown}
 i - a potion of ambrosia {unknown}
 q - a potion of brilliance {unknown}
 s - 3 potions of might {unknown}


   Skills:
 * Level 3.5 Fighting
 * Level 3.5 Axes
 * Level 2.3 Armour
 + Level 2.1 Dodging
 + Level 0.5 Shields


You had 3 spell levels left.
You didn't know any spells.
Your spell library was empty.

Dungeon Overview and Level Annotations

Branches:
Dungeon (3/15)

Altars:


Innate Abilities, Weirdness & Mutations

You are completely covered in rugged brown scales. (AC +3, +7% HP)
You have supernaturally acute eyesight. (SInv)
Armour fits poorly on your strangely shaped body.
You can roll at nearby foes to attack.
You have a long armoured tail.


Message History

You barely miss the orc. The orc hits you but does no damage.
You closely miss the orc. The orc hits you but does no damage.
You closely miss the orc. The orc hits you with a +0 hand axe.
You closely miss the orc. You tail-slap the orc!
You kill the orc!
Trog accepts your kill.
The orc priest looks braver for a moment.
You closely miss the orc.
Your tail-slap misses the orc.
You block the orc's attack.
You hit the orc.
The orc is heavily wounded.
The orc hits you with a +0 club.
You closely miss the orc. You tail-slap the orc.
You kill the orc!
Trog accepts your kill. The orc priest barely misses you.
You hit the orc priest but do no damage.
A dart slug comes into view.
The orc priest hits you with a +0 short sword of holy wrath.
You hit the orc priest.
The orc priest is lightly wounded.
The orc priest hits you with a +0 short sword of holy wrath.
You closely miss the orc priest.
The orc priest is lightly wounded.
The orc priest hits you with a +0 short sword of holy wrath.
You completely miss the orc priest. You tail-slap the orc priest!
The orc priest is severely wounded.
The orc priest invokes the aid of Beogh against you.
Pain shoots through your body!
You closely miss the orc priest.
The orc priest is severely wounded.
The orc priest hits you with a +0 short sword of holy wrath.
You hit the orc priest.
Your tail-slap misses the orc priest.
The orc priest is severely wounded.
The orc priest calls down the wrath of Beogh upon you.
Beogh smites you!
* * * LOW HITPOINT WARNING * * *
The orc priest invokes the aid of Beogh against you.
Beogh smites you!
You die...

.$..# ....
##... ... (.
... .. #.# .#
#.# .# .. #@#
.# ... #o#
.##.... ##o#
##.......
#wo###o.......
#....o.....#..
#...##...#.#
#............
#...##.##..#..
#.......#..#


You could see an orc priest, a dart slug and 2 orcs.

Vanquished Creatures
  2 adders (D:2)
  2 worms (D:2)
  A dart slug (D:2)
  2 orcs (D:3)
  3 endoplasms (D:1)
  2 giant cockroaches (D:1)
  2 goblins
  6 hobgoblins
  A quokka (D:1)
  5 ball pythons
  9 bats
  4 frilled lizards
  7 kobolds
  5 rats
51 creatures vanquished.

Notes
Turn   | Place    | Note
-------+----------+-------------------------------------------
     0 | D:1      | sammy202020 the Palentonga Berserker began the quest for
                  | the Orb.
     0 | D:1      | Reached XP level 1. HP: 19/19 MP: 1/1
   164 | D:1      | Reached XP level 2. HP: 22/25 MP: 2/2
   672 | D:1      | Found a faded altar of an unknown god.
   672 | D:1      | Noticed a hellion
   939 | D:1      | Reached ** piety under Trog
  1072 | D:1      | Reached XP level 3. HP: 31/31 MP: 3/3
  1667 | D:2      | Reached XP level 4. HP: 31/37 MP: 4/4
  2017 | D:3      | Killed from afar by an orc priest

Illustrated notes

Levels and vault maps discovered:
D:1:      lightli_arrival_maybe_door_vault, layout_rooms,
          dreamdust_ecumenical_altar_sealed_demon, minmay_pentomino_o2
D:2:      layout_rooms
D:3:      layout_basic, minitemple, nicolae_sif_muna_condensation,
          overflow_temple_1_default, minmay_misc_feat_four_crosses

Skill      XL: |  1  2  3 |
---------------+----------+-----
Armour         | 2 |  2.3
Dodging        | 2 |  2.1
Fighting       | |  3.5
Axes           | |  3.5
Shields        | |  0.5

Action                   |  1- 3 |  4- 6 || total
-------------------------+-------+-------++-------
Melee: Hand axe          |   124 |    35 ||   159
       Tailslap          |    10 |     7 ||    17
Invok: Berserk           |     2 |       ||     2
Armor: Animal skin       |    66 |       ||    66
       Plate armour      |    15 |    16 ||    31
Dodge: Dodged            |    78 |    11 ||    89
Block: Buckler           |     4 |     7 ||    11

Table legend: (Time is in decaauts)
 A = Elapsed time spent in this place.
 B = Non-inter-level travel time spent in this place.
 C = Inter-level travel time spent in this place.
 D = Time resting spent in this place.
 E = Time spent auto-exploring this place.
 F = Levels seen in this place.
 G = Mean time per level.
                   A        B        C        D        E       F      G
               +--------+--------+--------+--------+--------+-----+--------+
         Total |   2062 |   1978 |     84 |    162 |   1362 |   3 |  687.3 |
       Dungeon |   2062 |   1978 |     84 |    162 |   1362 |   3 |  687.3 |
               +--------+--------+--------+--------+--------+-----+--------+

Top non-repeatable levels by time:
     D:1: 1145 daAuts
     D:2: 893 daAuts
     D:3: 23 daAuts
